[Event "IIFL Wealth 4th Mumbai GM"]
[Site "Mumbai"]
[Date "2019.01.07"]
[Round "9"]
[White "Gukesh D"]
[Black "Tran, Tuan Minh"]
[Result "1/2-1/2"]
[ECO "A05"]
[WhiteElo "2466"]
[BlackElo "2524"]
[Annotator "RC"]
[PlyCount "43"]
[EventDate "2018.12.30"]
[EventType "swiss"]
[EventCountry "IND"]
[SourceTitle "playchess.com"]
[Source "ChessBase"]
[SourceQuality "1"]
[TimeControl "40/5400+30:1800+30"]

1. Nf3 Nf6 2. g3 b6 3. Bg2 Bb7 4. O-O c5 5. c4 g6 6. b3 Bg7 7. Bb2 O-O 8. Nc3 d5 9. Nxd5 Nxd5 10. Bxg7 Kxg7 11. cxd5 Qxd5 12. d4 cxd4 13. Qxd4+ Qxd4 14. Nxd4 Bxg2 15. Kxg2 Na6 16. Rfc1 Rfd8 17. Nc6 Re8 18. Nd4 Red8 19. Nc6 Re8 20. Nd4 Red8 21. Nc6 Re8 22. Nd4 1/2-1/2

[Event "IIFL Wealth 4th Mumbai GM"]
[Site "Mumbai"]
[Date "2019.01.07"]
[Round "9"]
[White "Sardana, Rishi"]
[Black "Muthaiah AL"]
[Result "1-0"]
[ECO "B52"]
[WhiteElo "2398"]
[BlackElo "2408"]
[Annotator "RC"]
[PlyCount "143"]
[EventDate "2018.12.30"]
[EventType "swiss"]
[EventCountry "IND"]
[SourceTitle "playchess.com"]
[Source "ChessBase"]
[SourceQuality "1"]
[TimeControl "40/5400+30:1800+30"]

1. e4 c5 2. Nf3 d6 3. Bb5+ Bd7 4. Bxd7+ Qxd7 5. c4 g6 6. Nc3 Bg7 7. d4 cxd4 8. Nxd4 Nc6 9. Be3 Nf6 10. f3 O-O 11. b3 e6 12. Rc1 Rfd8 13. O-O d5 14. cxd5 exd5 15. Nxc6 bxc6 16. e5 Ne8 17. Bd4 Nc7 18. Na4 Ne6 19. f4 Bh6 20. g3 Rac8 21. Qd2 Qe7 22. Nc5 Nxd4 23. Qxd4 Bg7 24. Rfe1 f6 25. Rc2 fxe5 26. fxe5 Re8 27. Nd3 Qc7 28. Kg2 Re6 29. b4 Qb8 30. a4 Rce8 31. Rce2 Qb6 32. Qxb6 axb6 33. b5 cxb5 34. axb5 Kf7 35. Rf2+ Ke7 36. Ra2 Kf8 37. Rf2+ Ke7 38. Nb4 Rxe5 39. Nc6+ Kd6 40. Nxe5 Bxe5 41. Rf7 h5 42. Rc1 Bd4 43. Rc6+ Ke5 44. Rxg6 Ke4 45. Rf4+ Kd3 46. Rg5 Rd8 47. Rff5 Kc4 48. Rxh5 Bc5 49. Kf3 d4 50. Ke4 Ra8 51. Rd5 Ra2 52. Rd7 Re2+ 53. Kf3 d3 54. Rhd5 Rf2+ 55. Ke4 Rxh2 56. Rxd3 Kxb5 57. g4 Kc4 58. Rd2 Rh1 59. Rc2+ Kb3 60. Rdd2 Re1+ 61. Re2 Rd1 62. Rcd2 Rg1 63. Rg2 Re1+ 64. Rde2 Rd1 65. g5 Rd8 66. g6 Rg8 67. Ke5 b5 68. Kd5 Bb4 69. Kc6 Ka4 70. Re4 Rc8+ 71. Kd7 Rg8 72. Rgg4 1-0

[Event "IIFL Wealth 4th Mumbai GM"]
[Site "Mumbai"]
[Date "2019.01.07"]
[Round "9"]
[White "Ameir, Moheb"]
[Black "Thrish Karthik"]
[Result "0-1"]
[ECO "C41"]
[WhiteElo "2327"]
[BlackElo "2168"]
[Annotator "NA"]
[PlyCount "52"]
[EventDate "2018.12.30"]
[EventType "swiss"]
[EventCountry "IND"]
[SourceTitle "playchess.com"]
[Source "ChessBase"]
[SourceQuality "1"]
[TimeControl "40/5400+30:1800+30"]

1. e4 e5 2. Nf3 d6 3. d4 exd4 4. Nxd4 Nf6 5. Nc3 Be7 6. Be2 O-O 7. O-O Re8 8. f4 Bf8 9. Bf3 c6 10. Re1 Na6 11. Be3 Nc7 12. a4 d5 13. e5 Nd7 14. Bf2 g6 15. Qd2 Bh6 16. Be3 c5 17. Nxd5 cxd4 18. Qxd4 Nxd5 19. Qxd5 Nb6 20. Qxd8 Rxd8 21. g3 Nc4 22. Bc1 Bf8 23. b3 Nd2 24. Bxd2 Rxd2 25. Rad1 Bc5+ 26. Kh1 Rf2 0-1

[Event "IIFL Wealth 4th Mumbai GM"]
[Site "Mumbai"]
[Date "2019.01.07"]
[Round "9"]
[White "Pranav, V."]
[Black "Snehal, Bhosale"]
[Result "1-0"]
[ECO "A45"]
[WhiteElo "2318"]
[BlackElo "2135"]
[Annotator "NA"]
[PlyCount "69"]
[EventDate "2018.12.30"]
[EventType "swiss"]
[EventCountry "IND"]
[SourceTitle "playchess.com"]
[Source "ChessBase"]
[SourceQuality "1"]
[TimeControl "40/5400+30:1800+30"]

1. d4 Nf6 2. Nc3 d5 3. Bf4 g6 4. e3 Bg7 5. h4 c6 6. Be2 h5 7. Nf3 O-O 8. Bd3 Ng4 9. Ne5 Nxe5 10. Bxe5 Bxe5 11. dxe5 Qb6 $15 12. Qd2 Nd7 13. f4 Nc5 14. O-O-O Nxd3+ 15. Qxd3 Bg4 16. Rd2 Rfd8 17. Nd1 c5 18. Nf2 Bf5 19. Qb3 Qxb3 20. axb3 a5 21. Rhd1 Be6 22. c4 a4 23. Kc2 axb3+ 24. Kc3 d4+ 25. exd4 cxd4+ 26. Rxd4 Rxd4 27. Rxd4 Ra1 28. Nd3 b6 29. Kb4 Rd1 30. Kxb3 Rd2 31. Kc3 Rxg2 32. b4 Rh2 33. c5 bxc5 34. bxc5 Rxh4 35. c6 1-0

[Event "IIFL Wealth 4th Mumbai GM"]
[Site "Mumbai"]
[Date "2019.01.07"]
[Round "9"]
[White "Sarwat, Walaa"]
[Black "Kishor, Shazzad"]
[Result "1-0"]
[ECO "B53"]
[WhiteElo "2276"]
[BlackElo "1730"]
[Annotator "NA"]
[PlyCount "71"]
[EventDate "2018.12.30"]
[EventType "swiss"]
[EventCountry "IND"]
[SourceTitle "playchess.com"]
[Source "ChessBase"]
[SourceQuality "1"]
[TimeControl "40/5400+30:1800+30"]

1. e4 c5 2. Nf3 d6 3. d4 cxd4 4. Qxd4 Nc6 5. Bb5 Bd7 6. Bxc6 bxc6 7. c4 c5 8. Qd3 Nf6 9. Nc3 g6 10. O-O Bg7 11. Re1 O-O 12. h3 Qc7 13. Bg5 Bc6 14. Rad1 Rab8 15. b3 Rfd8 16. Nd5 Bxd5 17. exd5 Rd7 18. Qe3 a5 19. Bh6 a4 20. Bxg7 Kxg7 21. Qc3 axb3 22. axb3 Qb7 23. Re3 Qb4 24. Qb2 Kg8 25. Rde1 Rbb7 26. g4 Ra7 27. g5 Nh5 28. Nh2 f5 29. gxf6 Nxf6 30. Nf3 Rdb7 31. Ng5 Qa3 32. Qc3 Qb4 33. Qc2 Qa5 34. Qe2 Qa2 35. Qf3 Qd2 36. h4 1-0

[Event "IIFL Wealth 4th Mumbai GM"]
[Site "Mumbai"]
[Date "2019.01.07"]
[Round "9"]
[White "Mehdi Hasan Parag"]
[Black "Lama, Milan"]
[Result "1/2-1/2"]
[ECO "B38"]
[WhiteElo "2218"]
[BlackElo "1897"]
[Annotator "NA"]
[PlyCount "73"]
[EventDate "2018.12.30"]
[EventType "swiss"]
[EventCountry "IND"]
[SourceTitle "playchess.com"]
[Source "ChessBase"]
[SourceQuality "1"]
[TimeControl "40/5400+30:1800+30"]

1. e4 c5 2. Nf3 g6 3. d4 cxd4 4. Nxd4 Bg7 5. c4 Nc6 6. Be3 Nh6 7. Nc3 O-O 8. Be2 d6 9. O-O f5 10. exf5 Nxf5 11. Nxf5 Bxf5 12. Qd2 Qa5 13. Rac1 Rf7 14. Bf3 Ne5 15. Be2 Nc6 16. b3 Raf8 17. Bf3 Bc8 18. Bd5 e6 19. Be4 Qh5 20. Qd1 Qh4 21. Bxc6 bxc6 22. Qxd6 Rf5 23. Qg3 Qe7 24. Ne4 Be5 25. f4 Bg7 26. Rcd1 Rd8 27. Qe1 c5 28. Rxd8+ Qxd8 29. Nxc5 Qc7 30. b4 a5 31. a3 Bb2 32. Ne4 Bb7 33. Ng3 Rf7 34. Qe2 Bxa3 35. b5 Bc5 36. Bxc5 Qxc5+ 37. Kh1 1/2-1/2

[Event "IIFL Wealth 4th Mumbai GM"]
[Site "Mumbai"]
[Date "2019.01.07"]
[Round "9"]
[White "Samant Aditya S"]
[Black "Vatsal Singhania"]
[Result "0-1"]
[ECO "B41"]
[WhiteElo "2205"]
[BlackElo "2130"]
[Annotator "NA"]
[PlyCount "67"]
[EventDate "2018.12.30"]
[EventType "swiss"]
[EventCountry "IND"]
[SourceTitle "playchess.com"]
[Source "ChessBase"]
[SourceQuality "1"]
[TimeControl "40/5400+30:1800+30"]

1. e4 c5 2. Nf3 e6 3. d4 cxd4 4. Nxd4 a6 5. c4 Nf6 6. Nc3 Qc7 7. a3 b6 8. Be3 Bb7 9. f3 d6 10. Be2 Be7 11. O-O O-O 12. Qd2 Nbd7 13. b4 Rac8 14. Rac1 Qb8 15. Rc2 Rfe8 16. Rb1 Bd8 17. Kh1 Bc7 18. Bg1 h5 19. Na4 h4 20. Bf2 h3 21. g3 Qa8 22. Kg1 Ne5 23. Bf1 b5 24. cxb5 axb5 25. Bxb5 Bxe4 26. fxe4 Nxe4 27. Qc1 Nc3 28. Be3 Nf3+ 29. Nxf3 Nxb5 30. Nc3 Nxc3 31. Rxc3 Qxf3 32. Qf1 Qb7 33. Rbc1 Bb6 34. Bxb6 0-1

[Event "IIFL Wealth 4th Mumbai GM"]
[Site "Mumbai"]
[Date "2019.01.07"]
[Round "9"]
[White "Senthil Maran K"]
[Black "Mahindrakar Indrajeet"]
[Result "1/2-1/2"]
[ECO "D02"]
[WhiteElo "2197"]
[BlackElo "2106"]
[Annotator "NA"]
[PlyCount "52"]
[EventDate "2018.12.30"]
[EventType "swiss"]
[EventCountry "IND"]
[SourceTitle "playchess.com"]
[Source "ChessBase"]
[SourceQuality "1"]
[TimeControl "40/5400+30:1800+30"]

1. d4 d5 2. Nf3 c5 3. g3 Nc6 4. Bg2 Nf6 5. O-O e6 6. c4 Be7 7. dxc5 Bxc5 8. a3 O-O 9. b4 Be7 10. Nbd2 a5 11. b5 Nb8 12. Bb2 Nbd7 13. cxd5 exd5 14. Rc1 Re8 15. Nb3 Nb6 16. Ne5 Bd6 17. Nd3 Bg4 18. Re1 Qe7 19. Bd4 Nbd7 20. Nbc5 Rab8 21. Nxd7 Bxd7 22. Qb3 Be6 23. Bc5 Ne4 24. Bxd6 Qxd6 25. Qa4 b6 26. Rc6 Qd8 1/2-1/2

[Event "IIFL Wealth 4th Mumbai GM"]
[Site "Mumbai"]
[Date "2019.01.07"]
[Round "9"]
[White "Subrota, Biswas"]
[Black "Siva Mahadevan"]
[Result "1/2-1/2"]
[ECO "B88"]
[WhiteElo "2171"]
[BlackElo "2333"]
[Annotator "NA"]
[PlyCount "74"]
[EventDate "2018.12.30"]
[EventType "swiss"]
[EventCountry "IND"]
[SourceTitle "playchess.com"]
[Source "ChessBase"]
[SourceQuality "1"]
[TimeControl "40/5400+30:1800+30"]

1. e4 c5 2. Nf3 d6 3. Nc3 Nf6 4. d4 cxd4 5. Nxd4 Nc6 6. Bc4 e6 7. Bb3 a6 8. Be3 Qc7 9. f4 Na5 10. Qf3 b5 11. a3 Be7 12. O-O O-O 13. Ba2 Bb7 14. Bxe6 fxe6 15. Nxe6 Qc4 16. Nxf8 Rxf8 17. Bb6 Bd8 18. Bxd8 Rxd8 19. Rfe1 Re8 20. b4 Qd4+ 21. Qe3 Qxe3+ 22. Rxe3 Nc4 23. Re2 Nxe4 24. a4 Kf7 25. Rae1 d5 26. axb5 axb5 27. Nxb5 Ra8 28. Nd4 Ra4 29. b5 Ncd6 30. c3 Rc4 31. Re3 Rxc3 32. Rxc3 Nxc3 33. Rc1 Ndxb5 34. Nxb5 Nxb5 35. Rc5 Nd6 36. Rc7+ Ke6 37. Rxg7 d4 1/2-1/2

[Event "IIFL Wealth 4th Mumbai GM"]
[Site "Mumbai"]
[Date "2019.01.07"]
[Round "9"]
[White "Vantika Agrawal"]
[Black "Tran, Minh Thang"]
[Result "0-1"]
[ECO "E19"]
[WhiteElo "2143"]
[BlackElo "2342"]
[Annotator "NA"]
[PlyCount "80"]
[EventDate "2018.12.30"]
[EventType "swiss"]
[EventCountry "IND"]
[SourceTitle "playchess.com"]
[Source "ChessBase"]
[SourceQuality "1"]
[TimeControl "40/5400+30:1800+30"]

1. d4 Nf6 2. Nf3 e6 3. c4 b6 4. g3 Bb7 5. Bg2 Be7 6. O-O O-O 7. Nc3 Ne4 8. Qc2 Nxc3 9. Qxc3 Be4 10. Rd1 Bf6 11. Bf4 d6 12. Rac1 Nd7 13. Qe3 Bb7 14. Qd3 Re8 15. Ng5 Bxg5 16. Bxg5 Qc8 17. e4 e5 18. f3 exd4 19. Qxd4 Ne5 20. Bd2 f5 21. f4 Ng4 22. Bc3 Re7 23. Re1 Rf7 24. exf5 Bxg2 25. Kxg2 Qd7 26. h3 Nf6 27. Re6 Raf8 28. Rce1 Qa4 29. g4 Qxa2 30. Re7 Qa4 31. Rxf7 Rxf7 32. Re2 Qc6+ 33. Kg3 Qd7 34. Qe3 Kf8 35. Bxf6 Rxf6 36. Qe4 c6 37. Qd4 d5 38. cxd5 Qxd5 39. Qe3 Qd7 40. Qe5 Rd6 0-1

[Event "IIFL Wealth 4th Mumbai GM"]
[Site "Mumbai"]
[Date "2019.01.07"]
[Round "9"]
[White "Rakshitta Ravi"]
[Black "Mahalakshmi, M."]
[Result "0-1"]
[ECO "B12"]
[WhiteElo "2141"]
[BlackElo "2219"]
[Annotator "NA"]
[PlyCount "62"]
[EventDate "2018.12.30"]
[EventType "swiss"]
[EventCountry "IND"]
[SourceTitle "playchess.com"]
[Source "ChessBase"]
[SourceQuality "1"]
[TimeControl "40/5400+30:1800+30"]

1. e4 c6 2. d4 d5 3. e5 c5 4. Nf3 e6 5. c4 cxd4 6. Nxd4 Nc6 7. Nc3 Nge7 8. Ndb5 Nxe5 9. cxd5 Nxd5 10. Nxd5 exd5 11. Qxd5 Bb4+ 12. Bd2 Bxd2+ 13. Qxd2 Qxd2+ 14. Kxd2 O-O 15. Re1 Nc6 16. Kc1 Bf5 17. Nd6 Bg6 18. b3 b6 19. Kb2 Rfd8 20. Rd1 Rd7 21. Bb5 Rad8 22. Rhe1 h6 23. Bxc6 Rxd6 24. Rxd6 Rxd6 25. Re8+ Kh7 26. Bf3 Rd2+ 27. Ka1 Rxf2 28. Ra8 Rf1+ 29. Kb2 Rf2+ 30. Ka1 a5 31. Rb8 Bd3 0-1

[Event "IIFL Wealth 4th Mumbai GM"]
[Site "Mumbai"]
[Date "2019.01.07"]
[Round "9"]
[White "Gandhi, Anish"]
[Black "Banerjee, Sushant"]
[Result "1-0"]
[ECO "D34"]
[WhiteElo "2134"]
[BlackElo "2198"]
[Annotator "NA"]
[PlyCount "42"]
[EventDate "2018.12.30"]
[EventType "swiss"]
[EventCountry "IND"]
[SourceTitle "playchess.com"]
[Source "ChessBase"]
[SourceQuality "1"]
[TimeControl "40/5400+30:1800+30"]

1. Nf3 Nf6 2. c4 c5 3. Nc3 e6 4. g3 d5 5. cxd5 exd5 6. d4 Nc6 7. Bg2 Be7 8. O-O Be6 9. dxc5 Bxc5 10. Na4 Be7 11. Nd4 Nxd4 12. Qxd4 O-O 13. Nc5 Bg4 14. Bg5 b6 15. Bxf6 Bxf6 16. Qxg4 bxc5 17. Rfd1 Rb8 18. Bxd5 Qc8 19. Qxc8 Rd8 20. Qxb8 Rxb8 21. Rac1 Be5 1-0

[Event "IIFL Wealth 4th Mumbai GM"]
[Site "Mumbai"]
[Date "2019.01.07"]
[Round "9"]
[White "Prajesh R"]
[Black "Mrudul Dehankar"]
[Result "0-1"]
[ECO "A46"]
[WhiteElo "2102"]
[BlackElo "2199"]
[Annotator "NA"]
[PlyCount "27"]
[EventDate "2018.12.30"]
[EventType "swiss"]
[EventCountry "IND"]
[SourceTitle "playchess.com"]
[Source "ChessBase"]
[SourceQuality "1"]
[TimeControl "40/5400+30:1800+30"]

1. d4 Nf6 2. Nf3 e6 3. Bg5 h6 4. Bxf6 Qxf6 5. e4 d6 6. Bd3 Nc6 7. Nc3 a6 8. Qd2 Bd7 9. Qe3 g5 10. e5 dxe5 11. dxe5 Qe7 12. h3 Qb4 13. O-O-O O-O-O 14. Kb1 0-1

[Event "IIFL Wealth 4th Mumbai GM"]
[Site "Mumbai"]
[Date "2019.01.07"]
[Round "9"]
[White "Thipsay, Bagyashree Sathe"]
[Black "Divya Deshmukh"]
[Result "1-0"]
[ECO "B84"]
[WhiteElo "2028"]
[BlackElo "2190"]
[Annotator "NA"]
[PlyCount "39"]
[EventDate "2018.12.30"]
[EventType "swiss"]
[EventCountry "IND"]
[SourceTitle "playchess.com"]
[Source "ChessBase"]
[SourceQuality "1"]
[TimeControl "40/5400+30:1800+30"]

1. e4 c5 2. Nf3 d6 3. d4 cxd4 4. Nxd4 Nf6 5. Nc3 a6 6. Be2 e6 7. O-O Be7 8. f4 Qc7 9. Kh1 Nc6 10. Be3 O-O 11. Qe1 Na5 12. Rd1 b5 13. Bd3 Bb7 14. Bc1 Nd7 15. Nce2 Rac8 16. b3 Bf6 17. Bd2 Nc4 18. Bc1 Ncb6 19. Bb2 Nc5 20. Ng3 1-0

[Event "IIFL Wealth 4th Mumbai GM"]
[Site "Mumbai"]
[Date "2019.01.07"]
[Round "9"]
[White "Triton, Maxime"]
[Black "Dhungel, Uttam"]
[Result "1-0"]
[ECO "B40"]
[WhiteElo "1937"]
[BlackElo "1587"]
[Annotator "NA"]
[PlyCount "41"]
[EventDate "2018.12.30"]
[EventType "swiss"]
[EventCountry "IND"]
[SourceTitle "playchess.com"]
[Source "ChessBase"]
[SourceQuality "1"]
[TimeControl "40/5400+30:1800+30"]

1. e4 c5 2. Nf3 e6 3. Nc3 Nc6 4. Be2 Qc7 5. d4 cxd4 6. Nxd4 a6 7. O-O Nf6 8. Be3 h5 9. h3 b5 10. a3 Bb7 11. Qd2 Be7 12. f4 Rd8 13. Bf3 d6 14. Qf2 Nd7 15. f5 Nxd4 16. Bxd4 e5 17. Be3 Rc8 18. Rad1 h4 19. Rd2 O-O 20. Rfd1 Bc6 21. g3 1-0

[Event "IIFL Wealth 4th Mumbai GM"]
[Site "Mumbai"]
[Date "2019.01.07"]
[Round "9"]
[White "Nepal, Prakash"]
[Black "Nayem, Haque"]
[Result "1-0"]
[ECO "E85"]
[WhiteElo "1902"]
[BlackElo "2083"]
[Annotator "NA RC"]
[PlyCount "67"]
[EventDate "2018.12.30"]
[EventType "swiss"]
[EventCountry "IND"]
[SourceTitle "playchess.com"]
[Source "ChessBase"]
[SourceQuality "1"]
[TimeControl "40/5400+30:1800+30"]

1. d4 Nf6 2. c4 g6 3. Nc3 Bg7 4. e4 d6 5. f3 O-O 6. Be3 e5 7. Nge2 Nc6 8. d5 Ne7 9. g4 a6 10. Ng3 Nd7 11. Rg1 Nf6 12. h4 Bd7 13. Qd2 Kh8 14. h5 Kg8 15. Bd3 Rb8 16. Rh1 Ne8 17. Bh6 f6 18. hxg6 hxg6 19. O-O-O b5 20. cxb5 axb5 21. Rdg1 b4 22. Nd1 Kf7 23. Bxg7 Nxg7 24. Rh7 Rh8 25. Rgh1 Rxh7 26. Rxh7 Qg8 27. Qh6 Qf8 28. Ne3 Ng8 29. Qh4 Ke8 30. Rh8 b3 31. a3 Kf7 32. Qh7 Ra8 33. Ng2 Qb8 34. Nh4 1-0

[Event "IIFL Wealth 4th Mumbai GM"]
[Site "Mumbai"]
[Date "2019.01.07"]
[Round "9"]
[White "Arya Nirag Shah"]
[Black "Md.abzid, Rahman"]
[Result "0-1"]
[ECO "A80"]
[WhiteElo "1812"]
[BlackElo "2040"]
[Annotator "NA RC"]
[PlyCount "79"]
[EventDate "2018.12.30"]
[EventType "swiss"]
[EventCountry "IND"]
[SourceTitle "playchess.com"]
[Source "ChessBase"]
[SourceQuality "1"]
[TimeControl "40/5400+30:1800+30"]

1. d4 f5 2. Nf3 e6 3. Bg5 Nf6 4. Nbd2 d5 5. e3 Nbd7 6. c4 Be7 7. Bd3 Ne4 8. Bxe7 Qxe7 9. Qc2 c6 10. Rb1 a5 11. O-O g5 12. Ne5 Nxe5 13. dxe5 Qg7 14. Bxe4 fxe4 15. Qc3 g4 16. Rfc1 O-O 17. a3 Bd7 18. Nb3 b6 19. cxd5 exd5 20. e6 Be8 21. Qxg7+ Kxg7 22. Nd4 c5 23. Ne2 Kf6 24. Nf4 Ke5 25. g3 Rxf4 26. gxf4+ Kxe6 27. b4 axb4 28. axb4 c4 29. Ra1 Ba4 30. Rc3 b5 31. Kf1 Rf8 32. Ke2 d4 33. exd4 Rxf4 34. Ra2 Kd5 35. Rd2 h5 36. h3 Rf3 37. Rxf3 exf3+ 38. Ke3 c3 39. Ra2 c2 40. Ra1 0-1

[Event "IIFL Wealth 4th Mumbai GM"]
[Site "Mumbai"]
[Date "2019.01.07"]
[Round "9"]
[White "Regmi, Shikhar"]
[Black "Bhasima, Prashan"]
[Result "1/2-1/2"]
[ECO "C41"]
[WhiteElo "1610"]
[BlackElo "1658"]
[Annotator "NA RC"]
[PlyCount "71"]
[EventDate "2018.12.30"]
[EventType "swiss"]
[EventCountry "IND"]
[SourceTitle "playchess.com"]
[Source "ChessBase"]
[SourceQuality "1"]
[TimeControl "40/5400+30:1800+30"]

1. e4 e5 2. Nf3 d6 3. d4 exd4 4. Nxd4 Nf6 5. Bg5 Be7 6. Bd3 h6 7. Be3 c5 8. Ne2 Bd7 9. Nbc3 Nc6 10. Ng3 a6 11. O-O b5 12. Nd5 Nxd5 13. exd5 Ne5 14. Bf5 Bf6 15. Rb1 g6 16. Bxd7+ Qxd7 17. Ne4 Bg7 18. f4 Nc4 19. Bc1 f5 20. Ng3 O-O 21. b3 Bd4+ 22. Kh1 Nb6 23. Bb2 Bxb2 24. Rxb2 Rfe8 25. Rb1 Re7 26. Nh5 gxh5 27. Qxh5 Rae8 28. Qg6+ Rg7 29. Qxh6 Re2 30. Rbe1 Rxe1 31. Rxe1 Re7 32. Qg6+ Kf8 33. Qf6+ Kg8 34. Qg6+ Kf8 35. Qf6+ Kg8 36. Qg6+ 1/2-1/2

[Event "IIFL Wealth 4th Mumbai GM"]
[Site "Mumbai"]
[Date "2019.01.07"]
[Round "9"]
[White "Ahsan, Ali Jewel"]
[Black "Shah, Ram Surat Prasad"]
[Result "0-1"]
[ECO "C00"]
[WhiteElo "1363"]
[BlackElo "1639"]
[Annotator "NA"]
[PlyCount "67"]
[EventDate "2018.12.30"]
[EventType "swiss"]
[EventCountry "IND"]
[SourceTitle "playchess.com"]
[Source "ChessBase"]
[SourceQuality "1"]
[TimeControl "40/5400+30:1800+30"]

1. e4 e6 2. Nf3 d5 3. exd5 exd5 4. d4 Nf6 5. Bd3 Bd6 6. Nc3 O-O 7. Bg5 Re8+ 8. Be2 Be6 9. Nb5 Be7 10. Qd3 Nbd7 11. Ne5 c5 12. O-O a6 13. Nxd7 Qxd7 14. Nc3 Bf5 15. Qd2 cxd4 16. Qxd4 Bxc2 17. Bf3 Rad8 18. Bxf6 Bxf6 19. Qxd5 Bxc3 20. Qxd7 Rxd7 21. bxc3 Rc7 22. Rac1 Ba4 23. c4 Bc6 24. Bd5 Kf8 25. Rb1 Bxd5 26. cxd5 Re2 27. a4 Rd2 28. Rfd1 Rxd1+ 29. Rxd1 Ke8 30. f4 Kd7 31. Kf2 Rc4 32. Rb1 Kc7 33. d6+ Kxd6 34. Rxb7 0-1

[Event "IIFL Wealth 4th Mumbai GM"]
[Site "Mumbai"]
[Date "2019.01.07"]
[Round "9"]
[White "Kafle, Binod"]
[Black "Thapa, Krishna"]
[Result "0-1"]
[ECO "B20"]
[WhiteElo "1191"]
[BlackElo "2024"]
[Annotator "NA RC"]
[PlyCount "58"]
[EventDate "2018.12.30"]
[EventType "swiss"]
[EventCountry "IND"]
[SourceTitle "playchess.com"]
[Source "ChessBase"]
[SourceQuality "1"]
[TimeControl "40/5400+30:1800+30"]

1. e4 c5 2. Bc4 Nc6 3. d3 e6 4. Be3 Nf6 5. Nc3 a6 6. a3 Be7 7. Nge2 d5 8. exd5 exd5 9. Nxd5 Nxd5 10. Bd2 O-O 11. O-O Ne5 12. Bb3 b5 13. f4 Nc6 14. c4 Nf6 15. cxb5 axb5 16. Be3 Ng4 17. Bf2 Nxf2 18. Rxf2 Bg4 19. Qc2 Bxe2 20. Rxe2 Nd4 21. Qd1 Nxe2+ 22. Qxe2 Bf6 23. Kh1 Re8 24. Qc2 Rxa3 25. bxa3 Bxa1 26. Qd1 Qe7 27. Bxf7+ Kxf7 28. g3 Qe1+ 29. Qxe1 Rxe1+ 0-1